 Dungeon Crawl Stone Soup version 0.23-a0-644-gb60d84b (webtiles) character file.

3457 Borgoz the Covert (level 10, -2/66 HPs)
             Began as a Halfling Assassin on Jan 1, 2019.
             Was an Initiate of Dithmenos.
             Splashed by Joseph's acid (10 damage)
             ... on level 7 of the Dungeon.
             The game lasted 00:19:29 (8213 turns).

Borgoz the Covert (Halfling Assassin)               Turns: 8213, Time: 00:19:29

Health: -2/66      AC:  0    Str: 14    XL:     10   Next: 26%
Magic:  10/10      EV: 25    Int:  9    God:    Dithmenos [......]
Gold:   388        SH:  0    Dex: 18    Spells: 7/9 levels left

rFire    . . .     SeeInvis .   a - +3 short sword (venom)
rCold    . . .     Gourm    .   (shield restricted)
rNeg     . . .     Faith    .   w - +0 robe {MR+}
rPois    .         Spirit   .   (no helmet)
rElec    .         Reflect  .   B - +1 cloak
rCorr    .         Harm     .   (no gloves)
MR       +....                  (no boots)
Stlth    +++++.....             (no amulet)
HPRegen  0.21/turn              x - +2 ring of slaying
MPRegen  0.12/turn              s - +3 ring of evasion

@: corroded
A: small, mutation resistance 1
a: Renounce Religion


You were on level 7 of the Dungeon.
You worshipped Dithmenos.
Dithmenos was noncommittal.
You were not hungry.

You visited 2 branches of the dungeon, and saw 9 of its levels.
You also visited: Sewer.

You collected 388 gold pieces.

Inventory:

Hand Weapons
 a - a +3 short sword of venom (weapon)
 b - a +0 blowgun
 i - a +3 quarterstaff of chaos
 o - a +1 dagger of protection
 p - a +1 flail of venom
 z - a +2 short sword of holy wrath
 E - a +0 antimagic flail
 J - a +1 dagger of draining
Missiles
 e - 32 poisoned needles
 f - 2 curare-tipped needles
Armour
 w - a +0 robe of magic resistance (worn)
 B - a +1 cloak (worn)
Jewellery
 s - a +3 ring of evasion (right hand)
 x - a +2 ring of slaying (left hand)
 y - an uncursed ring of protection from magic
 A - an uncursed amulet of magic regeneration
 I - an uncursed ring of fire
Wands
 c - a wand of acid (23)
Scrolls
 d - a scroll of blinking {unknown}
 l - 3 scrolls of remove curse
 r - 3 scrolls of teleportation
 u - a scroll of noise
 C - a scroll of random uselessness
 K - a scroll of enchant weapon
 L - a scroll of fog {unknown}
 M - 2 scrolls of identify
 N - a scroll of brand weapon {unknown}
Potions
 h - a potion of degeneration {unknown}
 j - a potion of heal wounds
 k - 4 potions of might {unknown}
 m - 5 potions of curing
 n - a potion of haste {unknown}
 q - a potion of flight {unknown}
 t - 3 potions of lignification {unknown}
 v - a potion of cancellation
 D - a potion of magic {unknown}
 F - a potion of mutation {unknown}
 H - a potion of brilliance
Comestibles
 g - 11 rations
 G - 2 chunks of flesh


   Skills:
 + Level 5.3 Fighting
 + Level 7.2 Short Blades
 - Level 2.0 Throwing
 * Level 8.9 Dodging
 * Level 10.6 Stealth


You had 7 spell levels left.
You knew the following spells:

 Your Spells              Type           Power        Failure   Level  Hunger
a - Blink                 Tloc           N/A          52%         2    ###....

Your spell library contained the following spells:

 Spells                   Type           Power        Failure   Level  Hunger
 Magic Dart               Conj           #...         38%         1    ##.....
 Call Imp                 Summ           #.......     52%         2    ###....
 Slow                     Hex            #.......     52%         2    ###....
 Conjure Flame            Conj/Fire      #.......     77%         3    ####...
 Mephitic Cloud           Conj/Pois/Air  #.......     77%         3    ####...


Dungeon Overview and Level Annotations

Branches:
Dungeon (8/15)             Temple (1/1) D:7
   Lair: D:8-11

Altars:
Ashenzari
Cheibriados
Dithmenos
Elyvilon
Fedhas
Gozag
Hepliaklqana
Kikubaaqudgha
Makhleb
Nemelex Xobeh
Okawaru
Qazlal
Ru
Sif Muna
Trog
Uskayaw
Vehumet
Wu Jian
Xom
Yredelemnul
Zin
The Shining One

Annotations:
D:7 Joseph


Innate Abilities, Weirdness & Mutations

You are small and have problems with some larger weapons.
You are somewhat resistant to further mutation.


Message History

Aim: Joseph, wielding a +0 hunting sling, wearing a +0 chain mail and carrying You shoot a poisoned needle.
The poisoned needle hits the orc.
The orc is poisoned.
Joseph shoots a sling bullet.
The sling bullet misses you.
Your +3 short sword of venom begins to drip with poison!
a - a +3 short sword of venom (weapon)
You closely miss the orc. The orc completely misses you.
The orc wizard casts a spell at you. The puff of flame misses you.
Joseph zaps a wand.
The bolt of acid hits the orc.
The orc is splashed with acid.
The orc dies!
The bolt of acid hits you! The acid corrodes you!
You are splashed with acid!
The acid burns!
The orc wizard gestures at you while chanting.
The puff of frost hits you!
The orc wizard gestures at you while chanting.
The magic dart hits you!
Joseph zaps a wand.
The bolt of acid hits you!
* * * LOW HITPOINT WARNING * * *
You are splashed with acid!
The acid burns!
You die...

.......##........###)......
.##..#.##.....#............ #
..#........###...###.... ##
#.#.........##.....## .
.###....).....##(@o....###.# ...
#.....##......##...........#....
#...<.##)....###o..............#
........)...###...........#...#
.(.(.#...).##^##@.......#.#...#
...(##..#.....................#
........#..#...##............# ##
...#(.####†#..###.#.........###..
#..#...##.....##.##..............
#####.#..........................
###..).....###.................#
#....P.P..####.........##..<[.##
#....(>...##.#.........#....)...


You could see Joseph, an orc wizard and an orc.

Vanquished Creatures
  Pikel (D:6)
  Eustachio (D:6)
  A hungry ghost (D:7)
  Menkaure (D:4)
  Edmund (D:6)
  2 orc warriors
  A slave (D:6)
  2 ogres
  A phantom (D:7)
  A centaur (D:6)
  5 bullfrogs
  2 scorpions
  A howler monkey (D:5)
  4 crimson imps
  3 orc priests
  Crazy Yiuf (D:4)
  2 bullfrog skeletons (D:7)
  9 hounds
  8 orc wizards
  An iguana (D:7)
  7 worker ants
  A howler monkey zombie (D:8)
  16 gnolls
  14 adders
  2 shadow imps
  12 oozes
  5 worms
  4 dart slugs
  14 leopard geckos
  20 orcs
  9 ball pythons (Sewer)
  8 bats
  12 giant cockroaches
  10 goblins
  9 hobgoblins
  10 jackals
  2 quokkas
  15 frilled lizards
  10 kobolds
  A leopard gecko skeleton (D:4)
  2 quokka skeletons
  6 rats
237 creatures vanquished.

Vanquished Creatures (others)
  A slave (D:6)
  An orc wizard (D:6)
  An orc (D:7)
3 creatures vanquished.

Grand Total: 240 creatures vanquished

Notes
Turn   | Place    | Note
-------+----------+-------------------------------------------
     0 | D:1      | Borgoz the Halfling Assassin began the quest for the Orb.
     0 | D:1      | Reached XP level 1. HP: 14/14 MP: 1/1
   128 | D:1      | Reached XP level 2. HP: 15/19 MP: 2/2
   550 | D:1      | Reached XP level 3. HP: 20/24 MP: 3/3
   949 | D:2      | Reached skill level 5 in Stealth
  1068 | D:2      | Found a glowing golden altar of the Shining One.
  1105 | D:2      | Reached XP level 4. HP: 25/29 MP: 4/4
  1564 | D:2      | Reached XP level 5. HP: 18/35 MP: 5/5
  2306 | D:3      | Learned a level 2 spell: Blink
  2511 | D:3      | Reached XP level 6. HP: 37/41 MP: 6/6
  2952 | D:3      | Found a burning altar of Makhleb.
  2952 | D:3      | Noticed a green death
  2956 | D:3      | Noticed a ynoxinul
  2956 | D:3      | Noticed an orange demon
  3008 | D:3      | Reached skill level 6 in Stealth
  3524 | D:4      | Reached XP level 7. HP: 17/45 MP: 7/7
  4155 | D:4      | Noticed Menkaure
  4170 | D:4      | Killed Menkaure
  4408 | D:4      | Found a runed door.
  4445 | D:4      | Noticed Crazy Yiuf
  4450 | D:4      | Killed Crazy Yiuf
  4450 | D:4      | Reached skill level 7 in Stealth
  4493 | D:5      | Entered Level 5 of the Dungeon
  4524 | D:5      | Reached skill level 5 in Dodging
  4524 | D:5      | Reached XP level 8. HP: 46/52 MP: 8/8
  4632 | D:5      | Found a glowing drain.
  4643 | Sewer    | Entered a sewer
  5006 | Sewer    | Reached skill level 5 in Short Blades
  5075 | D:5      | Reached skill level 8 in Stealth
  5109 | D:6      | Noticed Blork the orc
  5113 | D:6      | Found a stormy altar of Qazlal.
  5538 | D:6      | Reached XP level 9. HP: 58/58 MP: 9/9
  5574 | D:6      | Found a radiant altar of Vehumet.
  5576 | D:6      | Noticed Pikel
  5604 | D:6      | Killed Pikel
  5604 | D:6      | Reached skill level 9 in Stealth
  5621 | D:6      | Noticed Edmund
  5637 | D:6      | Killed Edmund
  5993 | D:6      | Noticed Eustachio
  6198 | D:6      | Killed Eustachio
  6388 | D:7      | Reached skill level 5 in Fighting
  6421 | D:7      | Reached skill level 10 in Stealth
  6438 | D:6      | Reached XP level 10. HP: 27/66 MP: 10/10
  6741 | D:7      | Found a staircase to the Ecumenical Temple.
  6758 | D:7      | Noticed Joseph
  6782 | Temple   | Entered the Ecumenical Temple
  7245 | Temple   | Became a worshipper of Dithmenos the Shadowed
  8213 | D:7      | Splashed by Joseph's acid

Vault maps used:
D:1:      dpeg_arrival_snail
D:2:      glass_columns_b, nicolae_tso_swordbearing_angel
D:3:      first_ration, makhleb_altar_promises_db
D:4:      uniq_crazy_yiuf_cottage, uniq_menkaure
D:5:      portal_sewer_entry_a, serial_park_tiny_1
D:6:      lemuel_doored_altar, grunt_qazlal_sundering, uniq_pikel,
          uniq_blork_the_orc, uniq_eustachio, uniq_edmund
D:7:      minmay_temple_entry_trees, kennysheep_generic_room_10, uniq_joseph
D:8:      minmay_gate_of_8
Temple:   roderic_octagonal_lattice_temple
Sewer:    sewer_frog_island_02

Skill      XL: |  1  2  3  4  5  6  7  8  9 10 |
---------------+-------------------------------+-----
Fighting       | 2 3 4 5 |  5.3
Dodging        | 2 3 4 5 6 8 |  8.9
Short Blades   | 3 4 5 6 7 |  7.2
Stealth        | 5 6 7 8 10 | 10.6
Throwing       | |  2.0

Action                   |  1- 3 |  4- 6 |  7- 9 | 10-12 || total
-------------------------+-------+-------+-------+-------++-------
Melee: Dagger            |    88 |   296 |       |       ||   384
       Short sword       |       |    16 |   423 |   119 ||   558
 Fire: Blowgun           |       |    12 |     3 |    16 ||    31
  Use: Scroll            |       |     2 |     7 |     2 ||    11
       Potion            |       |     1 |     1 |       ||     2
 Stab: Sleeping          |    12 |     9 |    11 |     2 ||    34
       Distracted        |       |       |     1 |     1 ||     2
  Eat: Chunk             |     1 |     8 |     9 |     6 ||    24
Armor: Robe              |    15 |    40 |    66 |     2 ||   123
Dodge: Dodged            |    45 |   211 |   327 |   117 ||   700

Table legend:
 A = Non-vault XP
 B = Vault XP
 C = Vault XP percentage of total XP
 D = Non-vault monster count
 E = Vault monster count
 F = Vault count percentage of total count
                 A         B        C        D         E       F
            +---------+---------+-------+---------+---------+-------
      Total |    3313 |    1626 |  32.9 |     177 |      60 |  25.3
            +---------+---------+-------+---------+---------+-------
        D:1 |      40 |       0 |   0.0 |      19 |       0 |   0.0
        D:2 |     167 |       0 |   0.0 |      34 |       0 |   0.0
        D:3 |     201 |       0 |   0.0 |      38 |       0 |   0.0
        D:4 |     282 |     212 |  42.9 |      16 |       2 |  11.1
        D:5 |     492 |      13 |   2.6 |      17 |       1 |   5.6
        D:6 |     667 |    1026 |  60.6 |      15 |       3 |  16.7
        D:7 |     981 |       0 |   0.0 |      25 |       0 |   0.0
        D:8 |     483 |       0 |   0.0 |      13 |       0 |   0.0
      Sewer |       0 |     375 | 100.0 |       0 |      54 | 100.0
            +---------+---------+-------+---------+---------+-------
